 Dungeon Crawl Stone Soup version 0.24.1 (webtiles) character file.

Game seed: 15522227043637001763, levelgen mode: deterministic

200 Stormleaks the Shooter (level 5, -2/44 HPs)
             Began as a Centaur Hunter on Apr 6, 2020.
             Killed by divine providence
             ... invoked by an orc priest
              (15 damage)
             ... on level 4 of the Dungeon.
             The game lasted 00:22:59 (3348 turns).

Stormleaks the Shooter (Centaur Hunter)             Turns: 3348, Time: 00:23:00

Health: -2/44      AC:  5    Str: 14    XL:     5   Next: 48%
Magic:  5/5        EV:  9    Int: 10    God:
Gold:   177        SH:  0    Dex: 11    Spells: 4/4 levels left

rFire    . . .     SeeInvis .   a - +1 shortbow
rCold    . . .     Gourm    .   (shield currently unavailable)
rNeg     . . .     Faith    .   c - +1 leather armour
rPois    .         Spirit   .   (no helmet)
rElec    .         Reflect  .   (no cloak)
rCorr    .         Harm     .   (no gloves)
MR       .....                  (no barding)
Stlth    +.........             (no amulet)
HPRegen  0.14/turn              (no ring)
MPRegen  0.09/turn              (no ring)

@: very quick
A: large, hooves 3, deformed body, speed 2, tough skin 3
a: no special abilities


You were on level 4 of the Dungeon.
You were not hungry.

You visited 1 branch of the dungeon, and saw 4 of its levels.

You collected 177 gold pieces.

Inventory:

Hand Weapons
 a - a +1 shortbow (weapon)
 b - a +0 short sword
Missiles
 d - 32 arrows (quivered)
 j - 2 throwing nets
Armour
 c - a +1 leather armour (worn)
Scrolls
 g - a scroll of fog
 h - 2 scrolls of fear
 k - a scroll of immolation {unknown}
Potions
 e - a potion of lignification {unknown}
 i - a potion of magic {unknown}
 l - a potion of cancellation {unknown}
Comestibles
 f - 8 rations


   Skills:
 + Level 2.8 Fighting
 + Level 0.7 Short Blades
 + Level 7.7 Bows
 + Level 1.0 Armour
 + Level 1.7 Dodging
 + Level 0.6 Stealth


You had 4 spell levels left.
You didn't know any spells.
Your spell library was empty.

Dungeon Overview and Level Annotations

Branches:
Dungeon (4/15)
 Temple: D:4-7

Altars:


Innate Abilities, Weirdness & Mutations

You have hooves in place of feet.
Armour fits poorly on your strangely shaped body.
You cover ground very quickly.
You have extremely tough skin. (AC +3)


Message History

You shoot an arrow. The arrow hits the quokka skeleton!
You destroy the quokka skeleton!
Firing (i - inventory. (/) - cycle)
d - 34 arrows (quivered)
Press: ? - help, Shift-Dir - straight line, f - orc priest
Aim: an orc priest, wielding a +0 war axe and wearing a +0 chain mail You shoot an arrow.
The arrow hits the orc priest but does no damage.
The orc priest mumbles some strange prayers to Beogh against you.
Pain shoots through your body!
The orc priest calls down the wrath of Beogh upon you.
Pain shoots through your body!
* * * LOW HITPOINT WARNING * * *
Found 14 gold pieces.
Firing (i - inventory. (/) - cycle)
d - 33 arrows (quivered)
Press: ? - help, Shift-Dir - straight line, f/p - orc priest
Aim: an orc priest, wielding a +0 war axe and wearing a +0 chain mail You shoot an arrow.
The arrow barely misses the orc priest.
The orc priest mumbles some strange prayers to Beogh against you.
Beogh smites you!
You die...

#..# ##$...# ..
#..#.##....# ... #
#..#.##....#....
#.####..#.##....#....
...............(...(
$.........%..((..o
##..####.$.......
#.@...o.o..(.(...
#................
....................
#.##..#####.##.#.##.
# #..# #.# .# ##.
#..# #.# .. .. # #..#
##'##+#.##.
#.##..####..........
........+.......##.


You could see an orc priest and an orc wizard.

Vanquished Creatures
  An iguana (D:4)
  A worker ant (D:3)
  4 gnolls (D:3)
  4 adders
  2 oozes
  2 worms (D:2)
  2 dart slugs (D:2)
  5 leopard geckos
  2 ball pythons (D:3)
  7 goblins
  8 hobgoblins
  2 quokkas
  6 bats
  A frilled lizard (D:1)
  A jackal zombie (D:2)
  5 kobolds (D:1)
  A quokka skeleton (D:4)
  5 rats
  A plant (D:3)
60 creatures vanquished.

Notes
Turn   | Place    | Note
-------+----------+-------------------------------------------
     0 | D:1      | Stormleaks the Centaur Hunter began the quest for the Orb.
     0 | D:1      | Reached XP level 1. HP: 17/17 MP: 1/1
   332 | D:1      | Reached XP level 2. HP: 17/24 MP: 2/2
   533 | D:1      | Reached skill level 6 in Bows
  1347 | D:2      | Reached XP level 3. HP: 16/29 MP: 3/3
  2321 | D:3      | Reached XP level 4. HP: 36/36 MP: 4/4
  2344 | D:3      | Reached skill level 7 in Bows
  2637 | D:3      | Reached XP level 5. HP: 36/42 MP: 5/5
  3023 | D:3      | Reached skill level 1 in Armour
  3348 | D:4      | Killed from afar by an orc priest

Levels and vault maps discovered:
D:1:      beargit_arrival_greenhouse, layout_loops_ring, skrybe_limestone_x
D:2:      minmay_razor_zed, layout_basic, minmay_joined_circles
D:3:      layout_basic, minmay_shallow_snake_nest
D:4:      layout_basic, grunt_temple_overflow_diamond,
          kennysheep_vampire_church, ashenzari_conservatory_becter,
          first_ration, nicolae_ru_great_annihilating_truth

Skill      XL: |  1  2  3  4  5 |
---------------+----------------+-----
Bows           | 6 7 |  7.7
Armour         | 1 |  1.0
Fighting       | |  2.8
Short Blades   | |  0.7
Dodging        | |  1.7
Stealth        | |  0.6

Action                   |  1- 3 |  4- 6 || total
-------------------------+-------+-------++-------
Melee: Short sword       |    49 |    52 ||   101
       Kick              |     3 |    25 ||    28
 Fire: Shortbow          |    99 |    79 ||   178
  Use: Scroll            |     7 |     1 ||     8
  Eat: Ration            |     1 |       ||     1
       Chunk             |       |     2 ||     2
Armor: Leather armour    |    26 |    23 ||    49
Dodge: Dodged            |    33 |    29 ||    62
